 Dungeon Crawl Stone Soup version 0.24-a0-264-gf46a388 (webtiles) character file.

Game seed: 4004526454270886313

9523 Hasart the Slicer (level 11, -5/67 HPs)
             Began as a Kobold Monk on Apr 20, 2019.
             Was a High Priest of Okawaru.
             Slain by a small abomination (15 damage)
             ... on level 3 of the Abyss.
             The game lasted 00:37:10 (13964 turns).

Hasart the Slicer (Kobold Monk)                    Turns: 13964, Time: 00:37:10

Health: -5/67      AC: 13    Str: 10    XL:     11   Next: 76%
Magic:  13/15      EV: 26    Int: 12    God:    Okawaru [*****.]
Gold:   94         SH:  0    Dex: 19    Spells: 10/10 levels left

rFire    + . .     SeeInvis .   E - +1 rapier (elec)
rCold    + + .     Gourm    .   (shield restricted)
rNeg     . . .     Faith    +   z - +1 leather armour {rC+}
rPois    .         Spirit   .   d - +2 helmet
rElec    .         Reflect  .   x - +1 cloak
rCorr    .         Harm     .   (no gloves)
MR       .....                  (no boots)
Stlth    ++++++....             g - amulet of faith
HPRegen  0.21/turn              b - ring of protection from cold
MPRegen  0.14/turn              n - ring of protection from fire

@: heroism
A: small, slimy green scales 1, carnivore, subdued magic 1
a: Heroism, Finesse, Renounce Religion


You were on level 3 of the Abyss.
You worshipped Okawaru.
Okawaru was extremely pleased with you.
You were full.

You visited 2 branches of the dungeon, and saw 11 of its levels.
You visited the Abyss 1 time.

You collected 528 gold pieces.
You spent 434 gold pieces at shops.

Inventory:

Hand Weapons
 a - a +5 falchion
 v - a +4 scimitar of flaming
 E - a +1 rapier of electrocution (weapon)
Armour
 d - a +2 helmet (worn)
 h - a +3 ring mail
 r - a +0 buckler
 x - a +1 cloak (worn)
 z - a +1 leather armour of cold resistance (worn)
 D - the +2 robe of the Crown {rPois}
   (You found it on level 2 of the Abyss)

   It protects you from poison.
Jewellery
 b - a ring of protection from cold (left hand)
 g - an amulet of faith (around neck)
 n - a ring of protection from fire (right hand)
Wands
 y - a wand of flame (11)
 B - a wand of enslavement (7)
Scrolls
 j - 8 scrolls of identify
 k - a scroll of vulnerability {unknown}
 l - a scroll of fear
 m - 5 scrolls of teleportation
 o - a scroll of holy word {unknown}
 p - a scroll of noise {unknown}
 u - 2 scrolls of remove curse
Potions
 e - a potion of brilliance
 f - a potion of flight {unknown}
 i - 2 potions of haste {unknown}
 q - 2 potions of cancellation {unknown}
 s - 8 potions of agility
 t - 3 potions of heal wounds
 w - 2 potions of lignification {unknown}
 A - a potion of might {unknown}
Miscellaneous
 C - a fan of gales (inert)
Comestibles
 c - 28 rations


   Skills:
 + Level 7.3(12.3) Fighting
 * Level 11.7(16.9) Short Blades
 - Level 2.0(10.2) Long Blades
 + Level 4.7(9.7) Armour
 + Level 8.1(13.1) Dodging
 + Level 8.8(13.8) Stealth
 + Level 4.7(9.7) Shields
 + Level 5.1 Invocations
 + Level 6.5 Evocations


You had 10 spell levels left.
You didn't know any spells.
Your spell library contained the following spells:

 Spells                   Type           Power        Failure   Level  Hunger
 Beastly Appendage        Tmut           #.....       34%         1    ##.....
 Corona                   Hex            #......      34%         1    ##.....
 Magic Dart               Conj           #...         34%         1    ##.....
 Blink                    Tloc           N/A          50%         2    ###....
 Call Imp                 Summ           #.......     50%         2    ###....
 Ensorcelled Hibernation  Hex/Ice        #.....       50%         2    ###....
 Slow                     Hex            #.......     50%         2    ###....
 Sticks to Snakes         Tmut           #.......     50%         2    ###....
 Confuse                  Hex            #.......     73%         3    ####...
 Conjure Flame            Conj/Fire      #.......     73%         3    ####...
 Dazzling Spray           Conj/Hex       #.....       73%         3    ####...
 Mephitic Cloud           Conj/Pois/Air  #.......     73%         3    ####...
 Spider Form              Tmut/Pois      #.........   73%         3    ####...
 Tukima's Dance           Hex            #.......     73%         3    ####...
 Ice Form                 Ice/Tmut       #.......     98%         4    #####..
 Blade Hands              Tmut           #.........   100%        5    ######.


Dungeon Overview and Level Annotations

Branches:
Dungeon (10/15)            Temple (1/1) D:5            Lair (0/6) D:10
    Orc: D:9-12

Altars:
Cheibriados
Dithmenos
Elyvilon
Hepliaklqana
Okawaru
Trog
Vehumet
Yredelemnul
The Shining One

Shops:
D:6 }!*}   D:8 *

Annotations:
D:4 4 runed translucent doors, Crazy Yiuf; Ratty's ghost, amateur DENe
D:6 2 transporters, Ijustatesigmund's ghost, novice OpFi


Innate Abilities, Weirdness & Mutations

You are small and have problems with some larger weapons.
You are carnivorous and can eat meat at any time.
You are partially covered in slimy green scales. (AC +2)
Your spells are a little easier to cast, but a little less powerful.


Message History

You completely miss the large abomination.
The large abomination is severely damaged.
You hit the large abomination but do no damage.
The large abomination is severely damaged.
The large abomination hits you.
You hit the large abomination but do no damage.
Lightning courses through the large abomination!
You destroy the large abomination!
Okawaru accepts your kill. The small abomination misses you.
You hit the small abomination but do no damage.
The small abomination hits you!
* * * LOW HITPOINT WARNING * * *
You puncture the small abomination!
The small abomination is moderately damaged.
The small abomination hits you!
* * * LOW HITPOINT WARNING * * *
You gain the combat prowess of a mighty hero.
The small abomination hits you!
You die...

....###.# ...## .
... .#.#...#..# .#
.. ....#...#......
. .
.......#.#.#...#
...##.....#.#.....
#....#...#..#.
#.....#.#.....
###.#x#.....#
#..x.##@.##. #..
.#.......#
#..#..#.....#..#
... ...#....# #.#
..##. ##.... ..
..... ##.##. . #.
.. .#. # . #


You could see a small abomination.

Vanquished Creatures
  Erica (D:8)
  A two-headed ogre (D:8)
  A glowing orange brain (Abyss:2)
  A large abomination (Abyss:3)
  Grinder (D:4)
  8 yaks
  A wyvern (D:10)
  Eustachio (D:5)
  A hungry ghost (D:9)
  A basilisk (D:10)
  Menkaure (D:6)
  A water moccasin (D:9)
  Duvessa (D:7)
  A porcupine (D:10)
  5 phantoms
  2 orc warriors
  An ice beast (D:5)
  2 black bears (D:8)
  A centaur (D:7)
  6 ogres
  7 bullfrogs
  Dowan (D:7)
  3 scorpions
  3 wights (D:7)
  14 killer bees
  8 crimson imps
  A centaur zombie (D:5)
  2 bullfrog zombies
  7 hounds
  A quasit (D:10)
  An orc priest (D:9)
  5 jellies
  A bullfrog skeleton (D:7)
  A centaur skeleton (D:9)
  A gnoll shaman (D:7)
  11 orc wizards
  Terence (D:2)
  6 iguanas
  9 worker ants
  Ijyb (D:3)
  Natasha (thrice) (D:4)
  A killer bee zombie (D:8)
  A hound zombie (D:8)
  3 hound skeletons
  2 worker ant zombies
  12 gnolls
  11 adders
  3 shadow imps
  7 oozes
  2 adder skeletons
  An adder zombie (D:9)
  2 worms
  A dart slug (D:1)
  5 leopard geckos
  25 orcs
  3 ball pythons
  2 giant cockroaches
  8 goblins
  13 hobgoblins
  4 jackals (D:8)
  8 kobolds
  2 quokkas
  10 bats
  3 frilled lizards
  A leopard gecko skeleton (D:5)
  9 rats
264 creatures vanquished.

Vanquished Creatures (others)
  An orc (D:3)
  2 bushes (D:10)
  3 fungi (D:10)
  5 plants (D:10)
11 creatures vanquished.

Grand Total: 275 creatures vanquished

Notes
Turn   | Place    | Note
-------+----------+-------------------------------------------
     0 | D:1      | Hasart the Kobold Monk began the quest for the Orb.
     0 | D:1      | Reached XP level 1. HP: 14/14 MP: 1/1
   196 | D:1      | Reached XP level 2. HP: 19/19 MP: 2/2
   632 | D:1      | Reached XP level 3. HP: 22/23 MP: 3/3
   948 | D:2      | Noticed Terence
   995 | D:2      | Killed Terence
   995 | D:2      | Reached skill level 5 in Short Blades
   995 | D:2      | Reached XP level 4. HP: 16/29 MP: 4/4
  1258 | D:2      | Found a hazy altar of Hepliaklqana.
  1825 | D:3      | Reached XP level 5. HP: 33/33 MP: 5/5
  2531 | D:3      | Reached skill level 1 in Armour
  2664 | D:3      | Reached skill level 6 in Short Blades
  2724 | D:3      | Reached XP level 6. HP: 27/38 MP: 6/6
  3030 | D:4      | Noticed Natasha
  3056 | D:4      | Noticed Ijyb
  3107 | D:3      | Killed Ijyb
  3294 | D:4      | Reached skill level 1 in Shields
  3580 | D:4      | Noticed Grinder
  3596 | D:4      | Gained mutation: Your spells are a little easier to cast,
                  | but a little less powerful. [potion of mutation]
  3596 | D:4      | Gained mutation: You are partially covered in slimy green
                  | scales. (AC +2) [potion of mutation]
  3616 | D:4      | Killed Grinder
  3616 | D:4      | Reached skill level 1 in Evocations
  3616 | D:4      | Reached XP level 7. HP: 29/44 MP: 6/8
  3887 | D:4      | Reached skill level 5 in Dodging
  4267 | D:4      | Killed Natasha
  4428 | D:4      | Reached skill level 7 in Short Blades
  4504 | D:4      | Noticed Natasha
  4515 | D:4      | Killed Natasha
  4544 | D:4      | Noticed Natasha
  4575 | D:4      | Killed Natasha
  4577 | D:4      | HP: 1/44 [something/puff of frost (6)]
  4850 | D:4      | Reached skill level 5 in Stealth
  5008 | D:4      | Found a runed translucent gate.
  5008 | D:4      | Found a runed translucent gate.
  5010 | D:4      | Found a runed translucent gate.
  5011 | D:4      | Noticed Ratty's ghost (amateur DENe)
  5047 | D:4      | Reached XP level 8. HP: 48/48 MP: 9/9
  5059 | D:4      | Found a runed translucent door.
  5060 | D:4      | Noticed Crazy Yiuf
  5110 | D:5      | Entered Level 5 of the Dungeon
  5718 | D:5      | Noticed Eustachio
  5736 | D:5      | Killed Eustachio
  5810 | D:5      | Reached skill level 5 in Fighting
  5810 | D:5      | Reached skill level 8 in Short Blades
  5885 | D:5      | Found a staircase to the Ecumenical Temple.
  5906 | Temple   | Entered the Ecumenical Temple
  5983 | Temple   | Became a worshipper of Warmaster Okawaru
  5983 | Temple   | Reached * piety under Okawaru
  5983 | Temple   | Reached ** piety under Okawaru
  6483 | D:5      | Reached skill level 1 in Invocations
  6483 | D:5      | Reached XP level 9. HP: 49/54 MP: 11/11
  6825 | D:6      | Found Bocal's Distillery.
  6832 | D:6      | Bought a potion of agility for 56 gold pieces
  6832 | D:6      | Bought 2 potions of heal wounds for 140 gold pieces
  6916 | D:6      | Found a transporter.
  6916 | D:6      | Found a transporter.
  6916 | D:6      | Noticed Ijustatesigmund's ghost (novice OpFi)
  7016 | D:6      | Found Xyri's Assorted Antiques.
  7251 | D:6      | Found Toykalu's Gadget Emporium.
  7552 | D:6      | Reached *** piety under Okawaru
  7552 | D:6      | Reached skill level 9 in Short Blades
  7845 | D:6      | Found Ylloutuw's Gadget Emporium.
  8063 | D:6      | Noticed Menkaure
  8067 | D:6      | Killed Menkaure
  8978 | D:7      | Reached XP level 10. HP: 43/60 MP: 13/13
  9442 | D:7      | Noticed Duvessa
  9443 | D:7      | Noticed Dowan
  9445 | D:7      | Killed Duvessa
  9445 | D:7      | Reached **** piety under Okawaru
  9470 | D:7      | Killed Dowan
 10091 | D:8      | Reached skill level 10 in Short Blades
 10127 | D:8      | Found Oskanlae's General Store.
 10241 | D:8      | Reached skill level 5 in Evocations
 10263 | D:8      | Noticed a two-headed ogre
 10409 | D:8      | Killed a two-headed ogre
 10409 | D:8      | Reached ***** piety under Okawaru
 10409 | D:8      | Reached skill level 1 in Long Blades
 10724 | D:8      | Noticed Erica
 10747 | D:8      | Killed Erica
 10898 | D:8      | Found a bloodstained altar of Trog.
 10920 | D:8      | Reached XP level 11. HP: 53/66 MP: 15/15
 11725 | D:9      | Received a gift from Okawaru
 11725 | D:9      | Reached skill level 11 in Short Blades
 12801 | D:10     | Entered Level 10 of the Dungeon
 12893 | D:10     | Noticed a two-headed ogre
 13575 | D:10     | Found a staircase to the Lair.
 13619 | D:10     | Received a gift from Okawaru
 13651 | D:10     | Reached ****** piety under Okawaru
 13651 | D:10     | Reached skill level 5 in Invocations
 13743 | D:8      | Bought a +1 rapier of electrocution for 238 gold pieces
 13750 | D:8      | Cast into level 2 of the Abyss (a distortion unwield)
 13750 | Abyss:2  | Found a burning altar of Makhleb.
 13758 | Abyss:2  | Found a burning altar of Makhleb.
 13799 | Abyss:2  | Noticed a glowing orange brain
 13813 | Abyss:2  | Killed a glowing orange brain
 13831 | Abyss:2  | Noticed a hell hog
 13832 | Abyss:2  | Noticed a hell hog
 13832 | Abyss:2  | Noticed a hell hog
 13834 | Abyss:2  | Got an opalescent robe
 13892 | Abyss:3  | Identified the +2 robe of the Crown {rPois} (You found it
                  | on level 2 of the Abyss)
 13931 | Abyss:3  | Noticed a tentacled monstrosity
 13947 | Abyss:3  | Noticed a large abomination
 13957 | Abyss:3  | Killed a large abomination
 13964 | Abyss:3  | Slain by a small abomination

Levels and vault maps discovered:
D:1:      minmay_arrival_open_corners, layout_rooms
D:2:      layout_basic, lemuel_doored_altar, minmay_pentomino_t2, uniq_terence
D:3:      layout_loops_ring
D:4:      layout_rooms, gammafunk_ghost_necromancy, first_ration,
          uniq_crazy_yiuf_cottage, uniq_natasha, uniq_ijyb, uniq_grinder
D:5:      layout_basic, minmay_temple_entry_ruins, uniq_eustachio
D:6:      minmay_general_purpose_star, layout_loops_ring, gammafunk_ghost_arena,
          serial_shops, nicolae_shop_window_shopping, nicolae_shop_waterfront,
          shop, shop, uniq_menkaure
D:7:      layout_loops_cross, uniq_duvessa
D:8:      minmay_the_grid_square_5x5_3x3 [minmay_the_grid_square_5x5_inner_z,
          minmay_the_grid_square_5x5_lines,
          minmay_the_grid_square_5x5_tri_point,
          minmay_the_grid_square_5x5_three,
          minmay_the_grid_square_5x5_megaprize_hollow,
          minmay_the_grid_square_5x5_meh, minmay_the_grid_square_5x5_empty,
          minmay_the_grid_square_5x5_trominoes,
          minmay_the_grid_square_5x5_hollow_slash], layout_loops_ring,
          serial_shops, shop, hangedman_little_slice_of_home,
          minmay_misc_feat_cross, trog_ov_bears_minmay, uniq_erica
D:9:      layout_roguey [special_room_bee]
D:10:     layout_small_grid, minmay_lair_entry_grove, serial_shops,
          nicolae_shop_temple_entry_statues_fountains, shop_statue,
          nicolae_shop_window_shopping, shop, shop, chequers_jeans, uniq_urug
Temple:   roderic_octagonal_lattice_temple
Abyss:2:  hangedman_decor_peaks_small
Abyss:3:  evilmike_abyss_exit_smiterflies, abyss_greek_temple

Skill      XL: |  1  2  3  4  5  6  7  8  9 10 11 |
---------------+----------------------------------+-----
Stealth        | 3 4 5 6 7 8 |  8.8
Short Blades   | 5 6 7 8 9 10 11 | 11.7
Dodging        | 4 5 6 7 8 |  8.1
Armour         | 1 2 3 4 |  4.7
Fighting       | 4 5 6 7 |  7.3
Shields        | 1 2 3 4 |  4.7
Evocations     | 1 2 3 4 5 6 |  6.5
Invocations    | 1 2 4 5 |  5.1
Long Blades    | 1 2 |  2.0

Action                   |  1- 3 |  4- 6 |  7- 9 | 10-12 || total
-------------------------+-------+-------+-------+-------++-------
Melee: Short sword       |   118 |   333 |  1364 |    93 ||  1908
       Falchion          |       |       |       |   521 ||   521
       Rapier            |       |       |       |    55 ||    55
Invok: Heroism           |       |       |       |     1 ||     1
Evoke: Wand              |       |       |     6 |    17 ||    23
       Fan of gales      |       |       |       |     2 ||     2
  Use: Potion            |     1 |     5 |     2 |     4 ||    12
       Scroll            |       |       |       |    15 ||    15
 Stab: Sleeping          |     4 |     5 |     7 |     8 ||    24
       Distracted        |       |       |       |     1 ||     1
  Eat: Chunk             |     8 |     7 |    19 |    27 ||    61
Armor: Robe              |    15 |       |       |       ||    15
       Ring mail         |    10 |    99 |   251 |    59 ||   419
       Leather armour    |       |       |       |    70 ||    70
Dodge: Dodged            |    98 |   164 |   542 |   466 ||  1270
Block: Buckler           |       |    53 |   227 |   205 ||   485
       Rpst.: Falchion   |       |       |       |   122 ||   122

Table legend:
 A = Non-vault XP
 B = Vault XP
 C = Vault XP percentage of total XP
 D = Non-vault monster count
 E = Vault monster count
 F = Vault count percentage of total count
                 A         B        C        D         E       F
            +---------+---------+-------+---------+---------+-------
      Total |    8229 |    5376 |  39.5 |     221 |      43 |  16.3
            +---------+---------+-------+---------+---------+-------
        D:1 |      39 |       0 |   0.0 |      24 |       0 |   0.0
        D:2 |      63 |      38 |  37.6 |      22 |       1 |   4.3
        D:3 |     213 |      35 |  14.1 |      30 |       1 |   3.2
        D:4 |     344 |     284 |  45.2 |      23 |       2 |   8.0
        D:5 |     876 |     202 |  18.7 |      22 |       1 |   4.3
        D:6 |    1026 |     339 |  24.8 |      26 |       5 |  16.1
        D:7 |     863 |     226 |  20.8 |      19 |       2 |   9.5
        D:8 |     841 |    2767 |  76.7 |      16 |      20 |  55.6
        D:9 |    2329 |     312 |  11.8 |      30 |       5 |  14.3
       D:10 |     383 |    1173 |  75.4 |       7 |       6 |  46.2
    Abyss:2 |     736 |       0 |   0.0 |       1 |       0 |   0.0
    Abyss:3 |     516 |       0 |   0.0 |       1 |       0 |   0.0
            +---------+---------+-------+---------+---------+-------
